 Dungeon Sprint DCSS version 0.20-a0-809-gaf7f668 (webtiles) character file.

13600000 esc the Conqueror (level 27, -122/249 HPs)
             Began as a Demonspawn Warper on Mar 3, 2017.
             Was the Champion of Makhleb.
             Annihilated by a fleshlord
             ... wielding a +9 great mace
              (348 damage)
             ... in the Dungeon (Sprint VIII: "Arena of Blood").
             The game lasted 00:04:47 (136 turns).

esc the Conqueror (Demonspawn Warper)                Turns: 136, Time: 00:04:48

Health: -122/249   AC: 12    Str: 21    XL:     27
Magic:  40/54      EV: 32    Int: 15    God:    Makhleb [******]
Gold:   0          SH:  0    Dex: 16    Spells: 80/80 levels left

rFire    + . .     SeeInvis .   l - +∞ Axe of Woe
rCold    . . .     Gourm    .   b - +0 leather armour
rNeg     . . .     Faith    .   (shield currently unavailable)
rPois    .         Spirit   .   (helmet unavailable)
rElec    .         Reflect  .   (no cloak)
rCorr    .         Harm     .   (no gloves)
MR       ++...     NoTele   +   (no boots)
Stlth    ++++++++++             (no amulet)
Regen    0.6/turn               (no ring)
MPRegen  0.4/turn               (no ring)

@: lethally poisoned (-122 -> -132), slowed, very slow
A: horns 3, iridescent scales 3, fire resistance 1, hurl damnation, foul stench
2, nightstalker 3, rot immunity, flame cloud immunity
a: Hurl Damnation, Minor Destruction, Lesser Servant of Makhleb, Major
Destruction, Greater Servant of Makhleb, Renounce Religion


You were in the Dungeon.
You worshipped Makhleb.
Makhleb was exalted by your worship.
You were not hungry.

You visited 1 branch

Inventory:

Hand Weapons
 a - a +0 hand axe
 l - the +∞ Axe of Woe (weapon)
   (You found it in the Dungeon)
Missiles
 e - 5 tomahawks of dispersal {=f}
Armour
 b - a +0 leather armour (worn)
Scrolls
 d - 2 scrolls of blinking {!r}
Potions
 g - a potion of curing
 h - a potion of heal wounds
 i - a potion of haste
 j - 2 potions of magic
 k - a potion of berserk rage {!q}
Books
 c - a book of Spatial Translocations
Comestibles
 f - a bread ration {@e1}


   Skills:
 O Level 27 Fighting
 O Level 27 Axes
 O Level 27 Throwing
 O Level 27 Armour
 O Level 27 Dodging
 O Level 27 Stealth
 O Level 27 Unarmed Combat
 O Level 27 Spellcasting
   Level 2.6 Translocations
 O Level 27 Invocations


You had 80 spell levels left.
You didn't know any spells.

Dungeon Overview and Level Annotations

Branches:
Dungeon (1/1)

Altars:
Makhleb


Innate Abilities, Weirdness & Mutations

You have a pair of large horns on your head.
You are completely covered in iridescent scales. (AC +6)
Your flesh is heat resistant. (rF+)
You can hurl damnation.
You frequently emit foul miasma when damaged in melee.
You are completely attuned to the shadows.
You are immune to rotting.
You are immune to clouds of flame.


Message History

Makhleb accepts your kill.
You feel better.
You slash the fleshlord!
You pulverise the fleshlord into a thin bloody mist.
You kill the fleshlord!
Makhleb accepts your kill.
You feel better.
You feel very sick.
You hear a shout! x5
The fleshlord mumbles some strange words.
The fleshlord seems to speed up.
You hear a shout! x2
The fleshlord gestures at you while chanting.
You feel as though you will be slow longer.
Some corpses begin to drag themselves along the ground!
Some corpses meld into an agglomeration of writhing flesh!
You hear a shout!
Something bites you but does no damage.
Deactivating autopickup; reactivate with Ctrl-A.
You hear a shout! x2
An ogre, a small abomination and 2 crawling corpses come into view.
You regained 96 hp, and now have 245/249 hp.
Unknown command.
Unknown command.
Unknown command.
Unknown command.
You slash something!
You pulverise something into a thin bloody mist.
Makhleb accepts your kill.
You feel better.
Reactivating autopickup.
You feel a bit more experienced.
You feel very sick.
You hear a shout! x6
The meat berserker hits you with a +9 battleaxe!!!
The meat berserker looks sick.
You emit a cloud of foul miasma!
You hear a shout! x2
The meat berserker rages.
You hear a shout! x2
You take 52 damage, and have 193/249 hp.
MASSIVE DAMAGE!!
Unknown command.
Unknown command.
You slice the meat berserker!!
You hew the meat berserker savagely.
You kill the meat berserker!
Makhleb accepts your kill.
You feel better.
You slash the meat berserker!
You chop the meat berserker into pieces.
You kill the meat berserker!
Makhleb accepts your kill.
You feel sick.
You hear a shout! x6
The fleshlord casts a spell at you.
You barely resist.
Two crawling corpses merge to form a small abomination.
You hear a shout! x6
The small abomination hits you!
The fleshlord hits you with a +9 great mace!!!!
The fleshlord looks sick.
You hear a shout!
You take 73 damage, and have 120/249 hp.
MASSIVE DAMAGE!!
Unknown command.
You slice the fleshlord!! You chop the fleshlord into pieces.
You kill the fleshlord!
Makhleb accepts your kill.
You feel better.
You slice the small abomination!!
You chop the small abomination into pieces.
You destroy the small abomination!
Makhleb accepts your kill.
You feel better.
You feel very sick.
You hear a shout! x4
The fleshlord mumbles some strange words.
The fleshlord seems to speed up.
You hear a shout! x7
The fleshlord gestures at you while chanting.
You barely resist.
A bag of meat comes into view. It is wielding a +9 war axe.
You regained 104 hp, and now have 224/249 hp.
Unknown command.
Unknown command.
You cut the small abomination into ribbons!!!!
You hew the small abomination savagely.
You destroy the small abomination!
Makhleb accepts your kill.
You feel better.
You feel sick.
You hear a shout! x8
The fleshlord gestures at you while chanting.
You barely resist.
You hear a shout! x2
An accursed comes into view.
You regained 12 hp, and now have 236/249 hp.
Unknown command.
You feel very sick. Something bites you!
Deactivating autopickup; reactivate with Ctrl-A.
You hear a shout!
The fleshlord hits you with a +9 great mace!!!!!!
Ouch! That really hurt!
You die...

.. .....
#M......#
#.......# .
.###...
.%.###§.
....))###%.%...
...§)@p)))....
...#)..))#.. .o
#_)<)_# .
#)%.))#
......_.....
......###......
.###...
...###.. #..
...# . #. ...#


You could see an accursed and a fleshlord.

Vanquished Creatures
  3 hell knights (D)
  Sigmund (D)
  5 hell beasts (D)
  2 greater mummies (D)
  2 great orbs of eyes (D)
  4 wraiths (D)
  24 vampire knights (D)
  27 ogres (D)
  3 two-headed ogres (D)
  2 liches (D)
  2 hydras (D)
  35 orcs (D)
  A phantom (D)
  A skeletal warrior (D)
  A sea snake (D)
  A large abomination (D)
  4 small abominations (D)
  A crawling corpse (D)
119 creatures vanquished.

Notes
Turn   | Place    | Note
-------+----------+-------------------------------------------
     0 | D        | esc the Demonspawn Warper began the quest for the Orb.
     0 | D        | Reached XP level 1. HP: 16/16 MP: 3/3
     3 | D        | Noticed a bag of meat
     3 | D        | Noticed a meat berserker
     4 | D        | Noticed a bag of meat
     4 | D        | Became a worshipper of Makhleb the Destroyer
     5 | D        | Noticed a bag of meat
     6 | D        | Killed a meat berserker
     6 | D        | Reached skill level 14 in Fighting
     6 | D        | Reached skill level 13 in Axes
     6 | D        | Reached skill level 13 in Throwing
     6 | D        | Reached skill level 13 in Armour
     6 | D        | Reached skill level 13 in Dodging
     6 | D        | Reached skill level 13 in Spellcasting
     6 | D        | Gained mutation: You have a pair of small horns on your head. [demonic ancestry]
     6 | D        | Reached XP level 2. HP: 42/42 MP: 3/16
     6 | D        | Gained mutation: You are immune to rotting. [demonic ancestry]
     6 | D        | Reached XP level 3. HP: 48/48 MP: 3/17
     6 | D        | Gained mutation: You have a pair of horns on your head. [demonic ancestry]
     6 | D        | Reached XP level 4. HP: 55/55 MP: 3/19
     6 | D        | Reached XP level 5. HP: 61/61 MP: 3/20
     6 | D        | Reached XP level 6. HP: 68/68 MP: 3/22
     6 | D        | Gained mutation: You are slightly more attuned to the shadows. [demonic ancestry]
     6 | D        | Reached XP level 7. HP: 74/74 MP: 3/23
     6 | D        | Gained mutation: You are partially covered in iridescent scales. (AC +2) [demonic ancestry]
     6 | D        | Reached XP level 8. HP: 81/81 MP: 3/25
     6 | D        | Reached XP level 9. HP: 87/87 MP: 3/26
     6 | D        | Gained mutation: You are significantly more attuned to the shadows. [demonic ancestry]
     6 | D        | Reached XP level 10. HP: 94/94 MP: 3/27
     6 | D        | Reached XP level 11. HP: 100/100 MP: 3/28
     6 | D        | Reached XP level 12. HP: 107/107 MP: 3/29
     6 | D        | Reached XP level 13. HP: 113/113 MP: 3/30
     9 | D        | Noticed a meat berserker
    10 | D        | Killed a meat berserker
    10 | D        | Reached * piety under Makhleb
    10 | D        | Reached skill level 16 in Fighting
    10 | D        | Reached skill level 15 in Axes
    10 | D        | Reached skill level 15 in Throwing
    10 | D        | Reached skill level 15 in Armour
    10 | D        | Reached skill level 15 in Dodging
    10 | D        | Reached skill level 15 in Spellcasting
    10 | D        | Reached XP level 14. HP: 100/126 MP: 4/33
    10 | D        | Killed a bag of meat
    10 | D        | Reached skill level 17 in Fighting
    10 | D        | Reached skill level 16 in Dodging
    10 | D        | Reached skill level 16 in Spellcasting
    10 | D        | Killed a bag of meat
    10 | D        | Reached skill level 18 in Fighting
    10 | D        | Reached skill level 16 in Axes
    10 | D        | Reached skill level 16 in Throwing
    10 | D        | Reached skill level 16 in Armour
    10 | D        | Reached XP level 15. HP: 136/136 MP: 4/35
    11 | D        | Noticed a meat berserker
    11 | D        | Reached ** piety under Makhleb
    11 | D        | Reached skill level 17 in Axes
    11 | D        | Reached skill level 17 in Throwing
    11 | D        | Reached skill level 17 in Armour
    11 | D        | Reached skill level 17 in Dodging
    11 | D        | Reached skill level 17 in Spellcasting
    12 | D        | Noticed a meat berserker
    12 | D        | Killed a meat berserker
    12 | D        | Reached skill level 20 in Fighting
    12 | D        | Reached skill level 18 in Axes
    12 | D        | Reached skill level 18 in Throwing
    12 | D        | Reached skill level 18 in Armour
    12 | D        | Reached skill level 18 in Dodging
    12 | D        | Reached skill level 18 in Spellcasting
    12 | D        | Reached XP level 16. HP: 148/148 MP: 4/38
    13 | D        | Noticed a meat berserker
    16 | D        | Noticed a meat berserker
    16 | D        | Killed a meat berserker
    16 | D        | Reached skill level 21 in Fighting
    16 | D        | Reached skill level 19 in Axes
    16 | D        | Reached skill level 19 in Throwing
    16 | D        | Reached skill level 19 in Armour
    16 | D        | Reached skill level 19 in Dodging
    16 | D        | Reached skill level 19 in Spellcasting
    16 | D        | Killed a meat berserker
    16 | D        | Reached *** piety under Makhleb
    16 | D        | Reached skill level 22 in Fighting
    16 | D        | Reached skill level 20 in Axes
    16 | D        | Reached skill level 20 in Throwing
    16 | D        | Reached skill level 20 in Armour
    16 | D        | Reached skill level 20 in Dodging
    16 | D        | Reached skill level 20 in Spellcasting
    16 | D        | Gained mutation: You may emit foul miasma when damaged in melee. [demonic ancestry]
    16 | D        | Reached XP level 17. HP: 162/162 MP: 5/41
    16 | D        | Reached skill level 21 in Axes
    16 | D        | Reached skill level 21 in Throwing
    16 | D        | Reached skill level 21 in Armour
    16 | D        | Reached skill level 21 in Dodging
    16 | D        | Reached skill level 21 in Spellcasting
    17 | D        | Reached skill level 23 in Fighting
    17 | D        | Reached skill level 4 in Stealth
    17 | D        | Reached skill level 4 in Unarmed Combat
    17 | D        | Reached skill level 6 in Invocations
    17 | D        | Killed a meat berserker
    17 | D        | Reached **** piety under Makhleb
    17 | D        | Reached skill level 22 in Axes
    17 | D        | Reached skill level 22 in Throwing
    17 | D        | Reached skill level 22 in Armour
    17 | D        | Reached skill level 22 in Dodging
    17 | D        | Reached skill level 8 in Stealth
    17 | D        | Reached skill level 8 in Unarmed Combat
    17 | D        | Reached skill level 22 in Spellcasting
    17 | D        | Reached skill level 11 in Invocations
    17 | D        | Gained mutation: You have a pair of large horns on your head. [demonic ancestry]
    17 | D        | Reached XP level 18. HP: 173/173 MP: 6/44
    17 | D        | Reached skill level 24 in Fighting
    17 | D        | Reached skill level 10 in Stealth
    17 | D        | Reached skill level 9 in Unarmed Combat
    17 | D        | Reached skill level 12 in Invocations
    20 | D        | Noticed a meat berserker
    21 | D        | Reached skill level 11 in Stealth
    21 | D        | Reached skill level 10 in Unarmed Combat
    21 | D        | Reached skill level 13 in Invocations
    21 | D        | Reached skill level 23 in Axes
    21 | D        | Reached skill level 23 in Throwing
    21 | D        | Reached skill level 23 in Armour
    21 | D        | Reached skill level 23 in Dodging
    21 | D        | Reached skill level 12 in Stealth
    21 | D        | Reached skill level 11 in Unarmed Combat
    21 | D        | Reached skill level 23 in Spellcasting
    21 | D        | Reached skill level 15 in Invocations
    21 | D        | Reached XP level 19. HP: 182/182 MP: 7/46
    21 | D        | Reached skill level 25 in Fighting
    21 | D        | Reached skill level 16 in Invocations
    22 | D        | Noticed a destroyer
    22 | D        | Killed a meat berserker
    22 | D        | Reached skill level 14 in Stealth
    22 | D        | Reached skill level 13 in Unarmed Combat
    22 | D        | Reached skill level 17 in Invocations
    24 | D        | Killed a destroyer
    24 | D        | Reached ***** piety under Makhleb
    24 | D        | Reached skill level 26 in Fighting
    24 | D        | Reached skill level 24 in Axes
    24 | D        | Reached skill level 24 in Throwing
    24 | D        | Reached skill level 24 in Armour
    24 | D        | Reached skill level 24 in Dodging
    24 | D        | Reached skill level 16 in Stealth
    24 | D        | Reached skill level 15 in Unarmed Combat
    24 | D        | Reached skill level 24 in Spellcasting
    24 | D        | Reached skill level 20 in Invocations
    24 | D        | Gained mutation: Your flesh is heat resistant. (rF+) [demonic ancestry]
    24 | D        | Reached XP level 20. HP: 195/195 MP: 7/48
    26 | D        | Noticed a meat berserker
    26 | D        | Noticed a destroyer
    28 | D        | Killed a meat berserker
    28 | D        | Reached skill level 25 in Axes
    28 | D        | Reached skill level 25 in Throwing
    28 | D        | Reached skill level 25 in Armour
    28 | D        | Reached skill level 25 in Dodging
    28 | D        | Reached skill level 17 in Stealth
    28 | D        | Reached skill level 16 in Unarmed Combat
    28 | D        | Reached skill level 25 in Spellcasting
    28 | D        | Reached skill level 21 in Invocations
    28 | D        | Killed a destroyer
    28 | D        | Reached skill level 27 in Fighting
    28 | D        | Reached skill level 18 in Stealth
    28 | D        | Reached skill level 17 in Unarmed Combat
    28 | D        | Reached skill level 23 in Invocations
    29 | D        | Noticed a destroyer
    30 | D        | Reached skill level 26 in Throwing
    30 | D        | Reached skill level 26 in Armour
    30 | D        | Reached skill level 26 in Dodging
    30 | D        | Reached skill level 19 in Stealth
    30 | D        | Reached skill level 26 in Spellcasting
    30 | D        | Gained mutation: You are mostly covered in iridescent scales. (AC +4) [demonic ancestry]
    30 | D        | Reached XP level 21. HP: 204/204 MP: 9/51
    33 | D        | Reached skill level 26 in Axes
    33 | D        | Reached skill level 18 in Unarmed Combat
    33 | D        | Reached skill level 24 in Invocations
    35 | D        | Noticed a large bag of meat
    36 | D        | Reached skill level 20 in Stealth
    36 | D        | Reached skill level 19 in Unarmed Combat
    36 | D        | Reached skill level 25 in Invocations
    39 | D        | Noticed a destroyer
    39 | D        | Reached ****** piety under Makhleb
    40 | D        | Killed a destroyer
    40 | D        | Reached skill level 27 in Axes
    40 | D        | Reached skill level 27 in Throwing
    40 | D        | Reached skill level 27 in Armour
    40 | D        | Reached skill level 27 in Dodging
    40 | D        | Reached skill level 23 in Stealth
    40 | D        | Reached skill level 22 in Unarmed Combat
    40 | D        | Reached skill level 27 in Spellcasting
    40 | D        | Reached skill level 27 in Invocations
    41 | D        | Killed a destroyer
    41 | D        | Reached skill level 26 in Stealth
    41 | D        | Reached skill level 25 in Unarmed Combat
    41 | D        | Gained mutation: You are completely covered in iridescent scales. (AC +6) [demonic ancestry]
    41 | D        | Reached XP level 22. HP: 212/212 MP: 12/53
    42 | D        | Reached skill level 27 in Stealth
    42 | D        | Reached skill level 27 in Unarmed Combat
    44 | D        | Killed a large bag of meat
    44 | D        | Gained mutation: You are immune to clouds of flame. [demonic ancestry]
    44 | D        | Reached XP level 23. HP: 219/219 MP: 13/54
    47 | D        | Noticed a destroyer
    48 | D        | Noticed a destroyer
    49 | D        | Noticed a destroyer
    49 | D        | Killed a destroyer
    49 | D        | Gained mutation: You can hurl damnation. [demonic ancestry]
    49 | D        | Reached XP level 24. HP: 227/227 MP: 14/54
    51 | D        | Killed a destroyer
    53 | D        | Reached XP level 25. HP: 234/234 MP: 15/54
    54 | D        | Noticed a destroyer
    57 | D        | Noticed a destroyer
    57 | D        | Noticed an accursed
    57 | D        | Noticed a destroyer
    57 | D        | Noticed a destroyer
    58 | D        | Killed a destroyer
    58 | D        | Killed a destroyer
    58 | D        | Gained mutation: You are completely attuned to the shadows. [demonic ancestry]
    58 | D        | Reached XP level 26. HP: 242/242 MP: 16/54
    59 | D        | Killed a destroyer
    60 | D        | Noticed a tyrant
    61 | D        | Noticed a tyrant
    61 | D        | Killed a destroyer
    61 | D        | Gained mutation: You frequently emit foul miasma when damaged in melee. [demonic ancestry]
    61 | D        | Reached XP level 27. HP: 249/249 MP: 17/54
    62 | D        | Noticed The Captor
    63 | D        | Killed a destroyer
    64 | D        | Noticed a destroyer
    64 | D        | Killed an accursed
    65 | D        | Noticed a meat beast
    65 | D        | Noticed a destroyer
    65 | D        | HP: 43/249 [The Captor/+9 triple sword of slicing (206)]
    66 | D        | Killed The Captor
    66 | D        | Killed a meat beast
    67 | D        | Noticed a destroyer
    68 | D        | Noticed a destroyer
    68 | D        | Killed a tyrant
    69 | D        | Noticed a destroyer
    69 | D        | Killed a destroyer
    69 | D        | Killed a tyrant
    70 | D        | Killed a destroyer
    72 | D        | Noticed a destroyer
    72 | D        | Killed a destroyer
    73 | D        | Noticed a dread
    73 | D        | Killed a destroyer
    75 | D        | Noticed a meat beast
    75 | D        | Killed a destroyer
    75 | D        | Killed a destroyer
    78 | D        | Killed a meat beast
    79 | D        | Noticed a destroyer
    82 | D        | Noticed a destroyer
    82 | D        | Killed a destroyer
    86 | D        | Noticed a destroyer
    86 | D        | Killed a destroyer
    88 | D        | Noticed a dread
    88 | D        | Killed a destroyer
    89 | D        | Noticed a destroyer
    89 | D        | Killed a dread
    91 | D        | Noticed an accursed
    92 | D        | Noticed a large bag of meat
    92 | D        | Killed an accursed
    93 | D        | Killed a destroyer
    95 | D        | Killed a dread
    96 | D        | Killed a large bag of meat
    97 | D        | Noticed a meat beast
    98 | D        | Noticed a meat beast
    98 | D        | Noticed a destroyer
    99 | D        | Noticed a destroyer
    99 | D        | Noticed a dread
    99 | D        | Killed a meat beast
   100 | D        | Killed a meat beast
   102 | D        | Noticed a destroyer
   103 | D        | Killed a destroyer
   103 | D        | Killed a dread
   107 | D        | Killed a destroyer
   108 | D        | Killed a destroyer
   109 | D        | Noticed a dread
   114 | D        | Noticed a large bag of meat
   116 | D        | Killed a large bag of meat
   121 | D        | Noticed a meat beast
   121 | D        | Killed a meat beast
   123 | D        | Noticed a fleshlord
   125 | D        | Killed a dread
   129 | D        | Killed a fleshlord
   130 | D        | Noticed a fleshlord
   130 | D        | Noticed a fleshlord
   130 | D        | Noticed a fleshlord
   131 | D        | Killed a fleshlord
   134 | D        | Killed a fleshlord
   136 | D        | Noticed an accursed
   136 | D        | Annihilated by a fleshlord

Vault maps used:
D:        meatsprint

Skill      XL: |  1  2  3  4  5  6  7  8  9 10 11 12 13 14 15 16 17 18 19 20 21 22 |
---------------+-------------------------------------------------------------------+-----
Fighting       | 14 16 18 20 22 23 24 26 27 | 27.0
Axes           | 13 15 16 18 20 22 23 24 25 27 | 27.0
Throwing       | 13 15 16 18 20 22 23 24 26 27 | 27.0
Armour         | 13 15 16 18 20 22 23 24 26 27 | 27.0
Dodging        | 13 15 16 18 20 22 23 24 26 27 | 27.0
Spellcasting   | 13 15 16 18 20 22 23 24 26 27 | 27.0
Stealth        | 8 12 16 19 26 27 | 27.0
Unarmed Combat | 8 11 15 17 25 27 | 27.0
Invocations    | 11 15 20 23 27 | 27.0
Translocations | |  2.6

Action                   |  1- 3 |  4- 6 |  7- 9 | 10-12 | 13-15 | 16-18 | 19-21 | 22-24 | 25-27 || total
-------------------------+-------+-------+-------+-------+-------+-------+-------+-------+-------++-------
Melee: Executioner's axe |     1 |       |       |       |     3 |     3 |    10 |    10 |    53 ||    80
Armor: Leather armour    |       |       |       |       |       |       |       |       |     2 ||     2
Dodge: Dodged            |       |       |       |       |     2 |     3 |     1 |       |     4 ||    10

Vault maps used:
D:        meatsprint

Table legend:
 A = Turns spent in this place as a percentage of turns spent in the entire game.
 B = Non-inter-level travel turns spent in this place as a percentage of non-inter-level travel turns spent in the entire game.
 C = Inter-level travel turns spent in this place as a percentage of turns spent in this place.
 D = Turns resting spent in this place as a percentage of non-inter-level travel turns spent in this place.
 E = Turns spent auto-exploring this place as a percentage of non-inter-level travel turns spent in this place.
 F = Non-inter-level travel turns spent in this place divided by the number of levels of this place that you've seen.
                   A       B       C       D       E      F
               +-------+-------+-------+-------+-------+----------------------
         Total | 100.0 | 100.0 |   0.0 |   1.1 |   0.0 | 186.0
       Dungeon | 100.0 | 100.0 |   0.0 |   1.1 |   0.0 | 186.0
               +-------+-------+-------+-------+-------+----------------------

Table legend:
 A = Kills in this place as a percentage of kills in entire the game.
 B = Kills by you in this place as a percentage of kills by you in the entire game.
 C = Kills by friends in this place as a percentage of kills by friends in the entire game.
 D = Other kills in this place as a percentage of other kills in the entire game.
 E = Experience gained in this place as a percentage of experience gained in the entire game.
 F = Experience gained in this place divided by the number of levels of this place that you have seen.
                   A       B       C       D       E      F
               +-------+-------+-------+-------+-------+----------------------
         Total | 100.0 | 100.0 |  -nan |  -nan | 100.0 | 4664884.0
       Dungeon | 100.0 | 100.0 |  -nan |  -nan | 100.0 | 4664884.0
               +-------+-------+-------+-------+-------+----------------------
